Map: Pillars of Gold LE

Players

Kelazhur

  • Race: Terran Terran
  • League: Master
  • Spawn Location: 1:00

Cham - Winner!

  • Race: Zerg Zerg
  • League: Grandmaster
  • Spawn Location: 7:00

Event: DreamHack SC2 Masters 2020 Summer Latin America

VOD

Have the link to the VOD?

Description

Time

  • Played on: June 26, 2020, 3:33 p.m.
  • Length: 7:49

All games in this series

Show
View Real Time Build Order
Export as new Build Order

Kelazhur Terran 

Build Orders: Hellion Opening, Reaper Expand 

Get SALT Encoding   

  12  0:00  SCV  
  13  0:13  SCV  
  14  0:18  Supply Depot  
  14  0:25  SCV  
  15  0:39  SCV  
  15  0:40  Barracks  
  16  0:45  Refinery  
  16  0:51  SCV  
  17  1:04  SCV  
  18  1:16  SCV  
  19  1:28  Reaper, Orbital Command  
  20  1:41  Command Center  
  20  1:52  Supply Depot  
  20  1:54  SCV  
  21  2:00  Marine  
  22  2:05  Factory  
  22  2:09  SCV  
  23  2:15  Refinery  
  23  2:21  SCV  
  23  2:22  Barracks Reactor  
  24  2:36  SCV  
  25  2:49  SCV  
  25  2:53  Starport  
  25  2:54  Orbital Command  
  25  3:02  SCV, Hellion x2  
  30  3:08  Marine  
  31  3:14  SCV  
  32  3:20  SCV  
  32  3:23  Hellion  
  32  3:24  Hellion  
  32  3:25  Supply Depot  
  32  3:27  SCV, Marine  
  38  3:31  Medivac  
  41  3:37  Armory  
  41  3:46  Hellion x2, Marine  
  46  3:51  Supply Depot  
  46  3:53  SCV  
  47  3:56  SCV  
  48  4:06  Medivac  
  48  4:09  Hellion x2  
  54  4:13  SCV x2  
  54  4:15  Supply Depot  
  56  4:17  Hellion x5  
  56  4:28  SCV  
  57  4:33  SCV  
  56  4:40  SCV  
  56  4:45  SCV  
  58  4:47  Hellbat  
  58  4:48  Liberator  
  58  4:51  Supply Depot x3  
  65  4:53  SCV  
  65  4:57  SCV, Hellbat  
  65  5:05  SCV  
  66  5:09  SCV  
  62  5:17  SCV  
  62  5:18  Hellbat  
  49  5:21  SCV  
  42  5:29  SCV  
  42  5:34  SCV  
  38  5:40  Hellbat  
  38  5:41  SCV  
  39  5:46  SCV  
  38  5:53  SCV  
  33  5:58  SCV  
Show
View Real Time Build Order
Export as new Build Order

Cham Zerg - Winner!

Build Orders: Hatch First, Roach Nydus 

Get SALT Encoding   

  12  0:01  Drone  
  13  0:09  Drone  
  14  0:21  Overlord  
  14  0:39  Drone  
  14  0:40  Drone  
  16  0:51  Hatchery  
  16  0:55  Drone  
  16  0:58  Drone  
  16  1:03  Drone  
  18  1:16  Extractor  
  17  1:19  Spawning Pool  
  17  1:22  Drone  
  17  1:26  Drone  
  18  1:36  Drone  
  20  1:47  Drone  
  20  2:00  Overlord  
  20  2:05  Queen x2  
  20  2:06  Zergling x4  
  26  2:14  Drone  
  27  2:20  Drone  
  28  2:35  Spore Crawler  
  27  2:39  Drone x2  
  27  2:41  Overlord  
  29  2:45  Lair  
  29  2:47  Extractor  
  29  2:50  Roach Warren  
  28  2:53  Drone x2  
  30  3:02  Queen  
  32  3:06  Drone  
  32  3:09  Drone  
  32  3:11  Drone  
  35  3:16  Drone  
  35  3:19  Drone  
  37  3:20  Drone  
  38  3:29  Overlord  
  38  3:37  Roach x2  
  42  3:46  Nydus Network  
  41  3:51  Roach x2  
  41  3:54  Roach  
  47  3:59  Overlord  
  47  4:06  Roach x2  
  51  4:13  Overlord  
  51  4:22  Nydus Canal  
  51  4:29  Roach x2  
  55  4:36  Roach  
  57  4:40  Roach  
  57  4:41  Roach x3  
  65  4:46  Nydus Canal  
  65  4:52  Roach  
  66  5:01  Roach  
  67  5:21  Roach  
  57  5:23  Roach x2  
  57  5:25  Roach  
  63  5:28  Roach x2  
  63  5:32  Roach  
  59  5:36  Roach  
  61  5:45  Roach x2, Queen  
Tags
 
Add a new tag
Caveats
  • Supply blocks, unpowered buildings, or Contaminate may cause inaccurate times.
  • Supply counts are checked every 10 seconds.